september, lawful male human Archeologist ---------------- ----------- $ --------####..<............| $ |..........# $ ##......%-# |..............| |.........|# |......| ...............| |....>....|# --------- |......| -.-------------. |.........|# |........#########|....... ##### # -|---------# |.......| #-......| # # # # |.......| |......| ### # # # ---.----- -------- # # $ ### # ################################# # ## # # # ---+--.--- ------- # # # |......^.| |.....| ( # # |.........#### |.....| --|---- # ----|---------- |........| # |.....| |..I..| ### |.............| ---- |........| ##......| |!!!..| $ # |.............| |..| |........| |.....| |!..!!| # |.............| ########...| |........| ------- ------- ###-..............# ---- ---------- --------------- $ september the Field Worker Experience level: 4 Strength: 9 Dexterity: 12 Constitution: 15 Intelligence: 15 Wisdom: 15 Charisma: 13 Health: 0(26) Energy: 17(17) Def: 9 Gold: 0 Moves: 1583 Dungeon seed: Lu6YQsFUYLj8J57t Game ID: september_1523191210 Your Inventory: Weapons v - a +0 sling (weapon in hand) F - 15 +0 darts (in quiver) Armor r - an uncursed +0 dwarvish cloak (being worn) y - an uncursed +0 orcish helm (being worn) E - an uncursed +1 pair of iron shoes (being worn) N - an uncursed +0 elven mithril-coat (being worn) Comestibles h - a cursed tin of spinach k - an uncursed cream pie l - an uncursed fortune cookie m - an uncursed tin of jackal meat u - an uncursed tin of goblin meat G - 2 uncursed food rations Potions I - a cursed potion of levitation Rings o - an uncursed ring of polymorph control Tools d - a tinning kit (0:33) j - an uncursed blindfold Gems e - an uncursed worthless piece of green glass n - 3 uncursed worthless pieces of white glass q - an uncursed touchstone z - an uncursed worthless piece of orange glass Y - an uncursed worthless piece of red glass Spells and supernatural/magical abilities: Name Level Category Fail Memory W - pray for help -- divine ? -- Your skills at the end: Fighting Skills Weapon Skills pick-axe [Basic] whip [Basic] Spellcasting Skills Final Attributes: You were devoutly aligned. You were blinded. You were stealthy. You were fast. You are dead. Vanquished creatures: 3 gnome lords a little dog 2 dwarves a kobold lord an acid blob a hobbit 2 large kobolds 6 gnomes a gecko a jackal a kobold 2 goblins 3 grid bugs 2 lichens a kobold zombie 4 newts 32 creatures vanquished. Voluntary challenges: You were an atheist. You used a wielded weapon 57 times, starting on turn 95. You read items or engraved 2 times, starting on turn 3. You never genocided any monsters. You never polymorphed an object. You never changed form. You used no wishes. You never split a pudding. You never wrote Elbereth's name. You violated your moral code, losing 1 point of alignment, starting on turn 1579. Dungeon overview: The Dungeons of Doom: levels 1 to 3 Level 1 a long staircase Level 2 stairs to The Gnomish Mines Level 3 <- You were here a potion shop The Gnomish Mines: Level 3 stairs to The Dungeons of Doom History has recorded: On T:1 you entered the Dungeons of Doom to retrieve the Amulet of Yendor! On T:272 you reached level 2 of The Dungeons of Doom. On T:347 you advanced to experience level 2. On T:648 you reached level 1 of The Gnomish Mines. On T:659 you reached level 3 of The Dungeons of Doom. On T:979 you advanced to experience level 3. On T:1388 you advanced to experience level 4. Score breakdown: Gold: 0 ( 0 points) Experience: 4 levels ( 9649 points) Exploration: 3 levels ( 6.38%) ( 6255 points) Discoveries: 10 items ( 3.36%) ( 5495 points) Valuables value: (no points given unless you survive) Artifact value: 0 ( 0 points) Variety of kills: 16 monsters ( 4.20%) ( 6147 points) Turncount: 1583 turns ( 0 points) Survival: died (score multiplied by 80%) Total score: 22036 Latest messages: You hear a nearby zap. The magic missile hits you! The magic missile whizzes by you! The magic missile misses it. You are now wielding your sling. You have no secondary weapon readied. You try to feel what is lying here on the floor. You feel here a brown potion (67 zorkmids). You hear a nearby zap. The magic missile whizzes by you! The magic missile hits you! The magic missile misses it. The magic missile hits it. You hear a nearby zap. The magic missile hits you! You hear the howling of the CwnAnnwn... You try to feel what is lying here on the floor. You feel here a clear potion (7 zorkmids). You hear a nearby zap. The magic missile hits you! You die... Weliki Oestjoeg comes and takes all your possessions. Final status: Goodbye september the Archeologist, killed by a magic missile... You died in The Dungeons of Doom on dungeon level 3 with 22036 points, and 0 pieces of gold, after 1583 moves. You were level 4 with a maximum of 26 hit points when you died.